 Dungeon Crawl Stone Soup version 0.18.1-5-g4a78601 (webtiles) character file.

115 Ingvold the Skirmisher (level 5, 0/47 HPs)
             Began as a Hill Orc Fighter on May 9, 2016.
             Killed from afar by Sigmund (5 damage)
             ... with a magic dart
             ... on level 3 of the Dungeon.
             The game lasted 00:09:26 (2019 turns).

Ingvold the Skirmisher (Hill Orc Fighter)           Turns: 2019, Time: 00:09:27

Health: 0/47       AC:  7    Str: 20    XL:     5   Next: 0%
Magic:  5/5        EV:  2    Int:  8    God:
Gold:   121        SH:  9    Dex: 10    Spells: 0 memorised, 4 levels left

rFire  . . .     SeeInvis .     t - +2 hand axe (freeze)
rCold  . . .     Gourm    .     b - +0 scale mail
rNeg   . . .     Faith    .     c - +0 shield
rPois  .         Spirit   .     (no helmet)
rElec  .         Dismiss  .     (no cloak)
rCorr  .         Reflect  .     (no gloves)
SustAt .         Harm     .     (no boots)
MR     .....                    (no amulet)
Stlth  ..........               (no ring)
                                (no ring)

@: not resistant to hostile enchantments, extremely unstealthy
A: no striking features
a: no special abilities


You were on level 3 of the Dungeon.
You were hungry.

You visited 1 branch of the dungeon, and saw 3 of its levels.

You collected 121 gold pieces.

Inventory:

Hand Weapons
 a - a +0 war axe
 t - a +2 hand axe of freezing (weapon)
Armour
 b - a +0 scale mail (worn)
 c - a +0 shield (worn)
Scrolls
 i - a scroll of remove curse
 j - 2 scrolls of magic mapping
 k - a scroll of teleportation
 m - a scroll of enchant armour {unknown}
 o - a scroll of amnesia {unknown}
 r - a scroll of noise {unknown}
 s - a scroll of immolation {unknown}
Potions
 d - a potion of might
 e - 2 potions of lignification {unknown}
 g - a potion of ambrosia {unknown}
 l - a potion of magic {unknown}
 n - a potion of beneficial mutation {unknown}
Comestibles
 f - 2 bread rations
 h - a meat ration
 p - a beef jerky


   Skills:
 + Level 4.6 Fighting
 + Level 4.0 Axes
 + Level 3.9 Armour
 + Level 4.2 Shields


You had 4 spell levels left.
You didn't know any spells.

Dungeon Overview and Level Annotations

Branches:
Dungeon (3/15)

Altars:

Annotations:
D:3 Sigmund


Message History

There is a stone staircase leading up here.
Sigmund points at you and mumbles some strange words.
You resist with some effort.
You climb upwards.
There is a stone staircase leading down here.
There is a stone staircase leading down here.
You start resting.
You are feeling hungry.
There is a stone staircase leading down here.
You climb downwards.
Level annotation: Sigmund The orc zaps a wand.
The bolt of lightning hits you! x2
* * * LOW HITPOINT WARNING * * *
The bolt of lightning hits the orc.
The orc dies!
It is a wand of lightning {zapped: 2}.
You block the orc's attack.
There is a stone staircase leading up here.
Sigmund points at you and mumbles some strange words.
The magic dart hits you!
You die...

'... ....... . ##..
###..... .. ... .......
... ..# #####.####
...####.### ##
#......... ........ #.
#.....####
#...#####.##.......#
#.!.)...#..+..>.(..#
#...@.#....#..(....#
.##..#o####.#.......#
................######
......#.#.....##########
...@#...#.##### #......
###.#####.# #...... ..
..# #...... . ####
#######


You could see Sigmund and an orc.

Vanquished Creatures
  6 adders
  An ooze (D:3)
  3 dart slugs
  3 giant geckos
  4 orcs (D:3)
  2 ball pythons (D:1)
  3 giant cockroaches
  6 goblins
  2 hobgoblins (D:1)
  4 kobolds
  7 bats
  2 giant newts (D:1)
  5 rats
48 creatures vanquished.

Vanquished Creatures (others)
  An orc (D:3)
1 creature vanquished.

Grand Total: 49 creatures vanquished

Notes
Turn   | Place    | Note
--------------------------------------------------------------
     0 | D:1      | Ingvold the Hill Orc Fighter began the quest for the Orb.
     0 | D:1      | Reached XP level 1. HP: 19/19 MP: 1/1
   104 | D:1      | Reached XP level 2. HP: 22/27 MP: 2/2
   555 | D:1      | Reached XP level 3. HP: 31/33 MP: 3/3
  1248 | D:2      | Reached XP level 4. HP: 35/40 MP: 4/4
  1301 | D:3      | Noticed a hungry ghost
  1766 | D:3      | Reached XP level 5. HP: 41/47 MP: 5/5
  1788 | D:3      | Noticed Sigmund
  2019 | D:3      | Killed from afar by Sigmund

Skill      XL: |  1  2  3  4 |
---------------+-------------+-----
Axes           | 3 4 |  4.0
Fighting       | 4 |  4.6
Shields        | 4 |  4.2
Armour         | |  3.9

Action                   |  1- 3 |  4- 6 || total
-------------------------+-------+-------++-------
Melee: War axe           |   125 |    55 ||   180
       Hand axe          |       |     8 ||     8
  Use: Scroll            |     3 |     1 ||     4
  Eat: Chunk             |     1 |     7 ||     8
Armor: Scale mail        |    59 |    25 ||    84
Dodge: Dodged            |    44 |    23 ||    67
Block: Shield            |    60 |    34 ||    94
